 Dungeon Sprint DCSS version 0.30-a0-737-gf23d94013f (webtiles) character file.

Game seed: 14173203757275441610

427 BigDaddyOpFi the Trooper (level 6, -8/44 HPs)
             Began as a Gargoyle Fighter on Feb 2, 2023.
             Was an Elder of Fedhas.
             Mangled by a death cob (25 damage)
             ... in the Dungeon (Sprint VII: "The Pits").
             The game lasted 00:01:22 (368 turns).

BigDaddyOpFi the Trooper (Gargoyle Fighter)          Turns: 368, Time: 00:01:23

Health: -8/44      AC: 14    Str: 22    XL:     6   Next: 97%
Magic:  5/11       EV: 10    Int:  8    God:    Fedhas [****..]
Gold:   0          SH:  5    Dex:  9    Spells: 5/5 levels left

rFire   . . .      SeeInvis .    a - +0 war axe
rCold   . . .      Faith    .    c - +0 buckler
rNeg    + . .      Spirit   .    d - +3 ring mail
rPois   ∞          Reflect  .    (no helmet)
rElec   +          Harm     .    (no cloak)
rCorr   .          Rampage  .    (no gloves)
Will    .....      NoTele   +    (no boots) Stlth
                                 (no amulet)
HPRegen 0.27/turn                (no ring)
MPRegen 0.12/turn                (no ring)

@: slowed, very slow
A: sickness immunity, AC +4, negative energy resistance 1, electricity
resistance, torment resistance 1, petrification resistance
a: Renounce Religion, Wall of Briars, Grow Ballistomycete, Overgrow


You were in the Dungeon.
You worshipped Fedhas.
Fedhas was greatly pleased with you.
You visited 1 branch

Inventory:

Hand Weapons
 a - a +0 war axe (weapon)
Armour
 c - a +0 buckler (worn)
 d - a +3 ring mail (worn)
Scrolls
 j - a scroll of blinking
Potions
 e - 4 potions of heal wounds
 f - 2 potions of invisibility
 g - a potion of haste
 h - 4 potions of magic
 i - 2 potions of berserk rage
 k - 5 potions of curing


   Skills:
 + Level 7.7 Fighting
 + Level 5.9 Axes
 + Level 7.6 Armour
 + Level 7.5 Shields
 * Level 7.6 Invocations


You had 5 spell levels left.
You didn't know any spells.
Your spell library was empty.

Dungeon Overview and Level Annotations

Branches:
Dungeon (1/1)

Altars:
Ashenzari
Cheibriados
Dithmenos
Elyvilon
Fedhas
Gozag
Hepliaklqana
Kikubaaqudgha
Makhleb
Nemelex Xobeh
Okawaru
Qazlal
Ru
Sif Muna
Trog
Uskayaw
Vehumet
Wu Jian
Xom
Yredelemnul
Zin
The Shining One
Jiyva
Lugonu


Innate Abilities, Weirdness & Mutations

You are immune to sickness and miasma.
Your stone body is resilient. (AC +4)
You are immune to poison.
You resist negative energy. (rN+)
You are resistant to electric shocks. (rElec)
You are resistant to unholy torment.
You are immune to petrification.


Message History

Anything else - Cancel.
Gang up on whom?
Press: ? - help, Dir - move target, f - death cob
Aim: a death cob (moderately damaged, covered in acid, ally target) Attack!
The death cob hits your oklob plant!
The death cob drains your oklob plant's vigour!
The death cob hits your oklob plant but does no damage.
The death cob hits your oklob plant!
Your oklob plant is destroyed!
Your oklob plant disappears in a puff of smoke!
You don't know any spells.
A briar patch grows up from the ground. x4
The death cob hits your briar patch!
The death cob drains your briar patch's vigour!
The death cob hits your briar patch!
Your briar patch is destroyed!
Your briar patch disappears in a puff of smoke!
You walk carefully through the plants.
The death cob hits you!! The death cob hits you!
* * * LOW HITPOINT WARNING * * *
The death cob drains your vigour!
You feel yourself slow down.
The death cob completely misses your briar patch.
The death cob is struck by your briar patch's thorns.
The death cob hits your briar patch!
The death cob drains your briar patch's vigour!
The death cob hits your briar patch. The death cob hits your briar patch!!
The death cob is struck by your briar patch's thorns.
The death cob hits your briar patch!!
Your briar patch is destroyed!
Your briar patch disappears in a puff of smoke!
The death cob barely misses you. The death cob closely misses you.
The death cob hits you!
* * * LOW HITPOINT WARNING * * *
The death cob drains your vigour!
You feel as though you will be slow longer.
The death cob hits you but does no damage.
You feel much better. The death cob hits you! The death cob hits you!!
Ouch! That really hurt!
You die...
Fedhas appreciates your contribution to the ecosystem.

#.#..†..#.[##.....
#.#.....#'###...<.
#.#........##.....
#)#........##.....
#)###########.....
#)).....# ######
#)..#...#
#...#...#
#@##.##.#+#
#.z.#...#.+
#.P.#...#'#
#.P....†'.#
###########


You could see a death cob (corroded, ally target).

Vanquished Creatures
  A fire bat (D)
  A water moccasin (D)
  A scorpion (D)
  A jelly (D)
  A gnoll bouda (D)
  5 gnolls (D)
  2 river rats (D)
  An adder skeleton (D)
  2 bats (D)
  A giant cockroach (D)
  A goblin (D)
  A kobold (D)
  A frilled lizard (D)
  A rat (D)
20 creatures vanquished.

Vanquished Creatures (collateral kills)
  A hobgoblin (D)
1 creature vanquished.

Grand Total: 21 creatures vanquished

Notes
Turn   | Place    | Note
-------+----------+-------------------------------------------
     0 | D        | BigDaddyOpFi the Gargoyle Fighter began the quest for the
                  | Orb.
     0 | D        | Reached XP level 1. HP: 14/14 MP: 1/1
     8 | D        | Noticed a scorpion
    14 | D        | Killed a scorpion
    15 | D        | Reached skill level 5 in Fighting
    15 | D        | Reached skill level 5 in Armour
    15 | D        | Reached skill level 5 in Shields
    15 | D        | Reached XP level 2. HP: 19/21 MP: 2/2
    15 | D        | Reached XP level 3. HP: 23/26 MP: 3/3
    15 | D        | Reached XP level 4. HP: 28/31 MP: 4/4
    19 | D        | Found a bloodstained altar of Trog.
    19 | D        | Found a shimmering blue altar of Sif Muna.
    19 | D        | Found a viscous altar of Jiyva.
    19 | D        | Found a hazy altar of Hepliaklqana.
    19 | D        | Found an opulent altar of Gozag.
    20 | D        | Found a glowing golden altar of the Shining One.
    20 | D        | Found a glowing silver altar of Zin.
    20 | D        | Found a basalt altar of Yredelemnul.
    20 | D        | Found a shimmering altar of Xom.
    20 | D        | Found an ornate altar of the Wu Jian Council.
    20 | D        | Found a sacrificial altar of Ru.
    20 | D        | Found a stormy altar of Qazlal.
    20 | D        | Found an iron altar of Okawaru.
    20 | D        | Found a sparkling altar of Nemelex Xobeh.
    20 | D        | Found a burning altar of Makhleb.
    20 | D        | Found a blossoming altar of Fedhas.
    20 | D        | Found a white marble altar of Elyvilon.
    20 | D        | Found a shadowy altar of Dithmenos.
    20 | D        | Found a snail-covered altar of Cheibriados.
    22 | D        | Found a radiant altar of Vehumet.
    22 | D        | Found a corrupted altar of Lugonu.
    23 | D        | Found a hide-covered altar of Uskayaw.
    23 | D        | Found an ancient bone altar of Kikubaaqudgha.
    23 | D        | Found a broken altar of Ashenzari.
    34 | D        | Became a worshipper of Fedhas Madash
    65 | D        | Reached skill level 1 in Invocations
    74 | D        | Reached * piety under Fedhas
    95 | D        | Noticed a water moccasin
   111 | D        | Killed a water moccasin
   111 | D        | Reached ** piety under Fedhas
   112 | D        | Reached XP level 5. HP: 16/37 MP: 4/8
   292 | D        | Reached skill level 5 in Axes
   292 | D        | Reached skill level 5 in Invocations
   295 | D        | Reached *** piety under Fedhas
   296 | D        | Reached XP level 6. HP: 42/42 MP: 8/10
   296 | D        | Noticed a fire bat
   302 | D        | Killed a fire bat
   302 | D        | Reached **** piety under Fedhas
   311 | D        | Reached ***** piety under Fedhas
   356 | D        | Noticed a death cob
   367 | D        | HP: 2/44 [death cob (7)]
   368 | D        | Mangled by a death cob

Illustrated notes

Levels and vault maps discovered:
D:        pitsprint [storerooms_1, entrance_room_1, metal_vault_1, armoury_1,
          mini_pit_1, grid_room_1, main_hall_1, silver_pit, the_coven_1,
          the_vestibule_1, steel_vault_4, golden_pit, hallway_of_sentries,
          crystal_vault_4, iron_vault_2, final_vault]

Skill      XL: |  1  2  3  4  5  6 |
---------------+-------------------+-----
Fighting       | 5 6 7 |  7.7
Axes           | 3 4 5 |  5.9
Armour         | 5 6 7 |  7.6
Shields        | 5 6 7 |  7.5
Invocations    | 4 5 7 |  7.6

Action                     |  1- 3 |  4- 6 || total
---------------------------+-------+-------++-------
  Melee: War axe           |     4 |    69 ||    73
 Invoke: Wall of Briars    |       |     1 ||     1
         Grow Oklob        |       |     1 ||     1
    Use: Potion            |     1 |     4 ||     5
 Armour: Scale mail        |     3 |    20 ||    23
         Ring mail         |       |    12 ||    12
  Dodge: Dodged            |     2 |    57 ||    59
  Block: Buckler           |     1 |    28 ||    29

Table legend: (Time is in decaauts)
 A = Elapsed time spent in this place.
 B = Non-inter-level travel time spent in this place.
 C = Inter-level travel time spent in this place.
 D = Time resting spent in this place.
 E = Time spent auto-exploring this place.
 F = Levels seen in this place.
 G = Mean time per level.
                   A        B        C        D        E       F      G
               +--------+--------+--------+--------+--------+-----+--------+
         Total |    402 |    381 |     21 |    129 |      0 |   1 |  402.0 |
       Dungeon |    402 |    381 |     21 |    129 |      0 |   1 |  402.0 |
               +--------+--------+--------+--------+--------+-----+--------+

Top non-repeatable levels by time:
       D: 402 daAuts
